 Dungeon Sprint DCSS version 0.31.0-12-g77e489cdc1 (webtiles) character file.

Game seed: 11607841792094615993

22800000 Kallu the Conqueror (level 27, -3/228 HPs)
             Began as a Djinni Warper on Feb 14, 2024.
             Was the Champion of Makhleb.
             Slain by a vile
             ... wielding a +0 mace
              (11 damage)
             ... in the Dungeon (Sprint VIII: "Arena of Blood").
             The game lasted 00:17:22 (228 turns).

Kallu the Conqueror (Djinni Warper)                  Turns: 228, Time: 00:17:23

Health: -3/228     AC:  6    Str: 10    XL:     27
Gold:   0          EV: 28    Int: 25    God:    Makhleb [******] SH:  0 Dex: 17

rFire   + + +        h - +∞ Axe of Woe
rCold   x . .        (shield currently unavailable)
rNeg    . . .        a - +0 leather armour
rPois   ∞            (no helmet)
rElec   .            (no cloak)
rCorr   .            (no gloves)
SInv    +            (boots unavailable)
Will    ++...        (no amulet)
Stlth   +            i - ring of see invisible
HPRegen 0.58/turn    j - ring of protection from fire
MPRegen 0.00/turn

%: no teleportation, infuse magic (-4 HP)
@: confused, flying, slowed, very slow
A: sickness immunity, fire resistance 2, cold vulnerability 1, float, innate
caster, HP casting, extra vitality 1
0: Orb of Zot
a: Renounce Religion, Minor Destruction, Lesser Servant of Makhleb, Major
Destruction, Greater Servant of Makhleb


You were in the Dungeon.
You worshipped Makhleb.
Makhleb was exalted by your worship.
You visited 1 branch

Inventory:

Hand Weapons
 h - the +∞ Axe of Woe (weapon)
   (You found it in the Dungeon)
Missiles
 c - 7 darts of dispersal (quivered)
Armour
 a - a +0 leather armour (worn)
Jewellery
 i - a ring of see invisible (left hand)
 j - a ring of protection from fire (right hand)
Scrolls
 b - 2 scrolls of blinking
Potions
 e - a potion of heal wounds
 f - a potion of haste
 g - a potion of berserk rage


   Skills:
 O Level 27 Fighting
 O Level 27 Short Blades
 O Level 27 Long Blades
 O Level 27 Axes
 O Level 27 Maces & Flails
 O Level 27 Polearms
 O Level 27 Staves
 O Level 27 Ranged Weapons
 O Level 27 Throwing
 O Level 27 Armour
 O Level 27 Dodging
 O Level 27 Stealth
 O Level 27 Shields
 O Level 27 Unarmed Combat
 O Level 27 Spellcasting
 O Level 27 Conjurations
 O Level 27 Hexes
 O Level 27 Summonings
 O Level 27 Necromancy
 O Level 27 Translocations
 O Level 27 Fire Magic
 O Level 27 Ice Magic
 O Level 27 Air Magic
 O Level 27 Earth Magic
 O Level 27 Alchemy
 O Level 27 Invocations
 O Level 27 Evocations
 O Level 27 Shapeshifting


You knew the following spells:

 Your Spells              Type           Power      Damage    Failure   Level
a - Blink                 Tloc           100%       N/A       0%          2
b - Lesser Beckoning      Tloc           100%       N/A       0%          2
c - Teleport Other        Tloc           100%       N/A       0%          3
d - Manifold Assault      Tloc           100%       N/A       0%          4
e - Vhi's Electric Charg  Tloc/Air       100%       N/A       0%          4
f - Foxfire               Conj/Fire      100%       2x1d9     0%          1
g - Static Discharge      Conj/Air       100%       3-8/arc   0%          2
h - Frozen Ramparts       Ice            100%       1d16      0%          3
i - Tukima's Dance        Hex            100%       N/A       0%          3
j - Summon Mana Viper     Hex/Summ       100%       N/A       0%          5
k - Irradiate             Conj/Alch      53%        3d29      0%          5
l - Conjure Ball Lightni  Conj/Air       53%        3x3d18    0%          6
m - Enfeeble              Hex            53%        N/A       0%          7
n - Summon Cactus Giant   Summ           53%        N/A       0%          6
o - Infestation           Necr           53%        N/A       1%          8
p - Summon Hydra          Summ           53%        N/A       0%          7
q - Chain Lightning       Conj/Air       53%        3d70      1%          9
r - Polar Vortex          Ice            53%        12d7*     1%          9
Your spell library was empty.

Dungeon Overview and Level Annotations

Branches:
Dungeon (1/1)

Altars:
Makhleb


Innate Abilities, Weirdness & Mutations

You are immune to sickness and miasma.
You are immune to poison.
Your flesh is very heat resistant. (rF++)
You are vulnerable to cold. (rC-)
You float through the air rather than walking.
You learn spells naturally, not from books.
Your magical power is your life essence.
You have superior vitality. (+4 MHP)


Message History

The fireball explodes!
The fireball engulfs you! You resist.
A scourge comes into view.
The observer gazes at you. Something smites you!
The meat berserker hits you with a +9 battleaxe!!!!
Some rock shatters into small pieces.
The scourge moves out of view.
The scourge hisses angrily.
The fleshlord shouts!
You hear an angry hiss. x2
Unknown command.
Unknown command.
Unknown command.
You're too confused to cast spells.
Okay, then.
Unknown command.
Unknown command.
You're too confused to attack without stumbling around!
Unknown command.
The vile appears out of thin air!
A vile comes into view. It is wielding a +0 mace.
You hear a roar!
A fleshlord comes into view. It is wielding a +9 great mace.
An observer comes into view.
You barely resist. The observer gazes at you. Something smites you!
The fleshlord casts a spell.
The fleshlord seems to speed up.
The meat berserker hits you with a +9 battleaxe!!!!
* * * LOW HITPOINT WARNING * * *
The scourge throws poison at you.
The bolt of poison hits you but does no damage.
You resist.
The bolt of poison hits the vile.
The vile completely resists.
You hear a shout!
Unknown command.
The fleshlord appears out of thin air!
A fleshlord comes into view. It is wielding a +9 great mace.
The wretched soul appears out of thin air!
A wretched soul comes into view.
The fleshlord shouts!
The vile hits you with a +0 mace!
You die...

....###.....p.##.....)).....°.
...o...9)###....).....).o###).
.#....)..._W.........)........
......)#)....#...p...#.#...).)
.......#_†<._#o..))....)).))))
.......#....)..9..))..#.#).).)
.#.....G.._99O)§)......).)).))
......p...p.).9W).)).#.#)#.)#)
....###...G..@....)......))#).
.... #......)).)...).))).))#.
#..GS...#....)..)[)))#..
...S.))..))..†.)).)..)..
....=)))...)#.))#.))...#
....)).)).)#).))#))†).##
...)...))##).)))#.)†..#.
..))))..#))))))#))).##..
°)))))#.))###))†)#....


You could see 3 observers, 2 scourges, 3 fleshlords, a dread, 5 viles, a meat
berserker (berserk), a wretched soul (invisible) and a bag of meat.

Vanquished Creatures
  9 molten gargoyles (D)
  Dispater (D)
  30 hell knights (D)
  Sigmund (D)
  21 hell beasts (D)
  Edmund (D)
  15 royal mummies (D)
  30 wraiths (D)
  34 great orbs of eyes (D)
  Harold (D)
  29 vampire knights (D)
  59 ogres (D)
  17 two-headed ogres (D)
  17 liches (D)
  29 hydras (D)
  20 phantoms (D)
  170 orcs (D)
  12 skeletal warriors (D)
  24 sea snakes (D)
520 creatures vanquished.

Vanquished Creatures (others)
  An orc (D)
1 creature vanquished.

Grand Total: 521 creatures vanquished

Notes
Turn   | Place    | Note
-------+----------+-------------------------------------------
     0 | D        | Found the +∞ Axe of Woe
     0 | D        | Kallu the Djinni Warper began the quest for the Orb.
     0 | D        | Kallu set off with the following spells memorised: Blink,
                  | Lesser Beckoning, Teleport Other, Manifold Assault, Vhi's
                  | Electric Charge.
     0 | D        | Reached XP level 1. HP: 18/18 MP: 0/0
     2 | D        | Noticed a bag of meat
     2 | D        | Noticed a bag of meat
     3 | D        | Noticed a bag of meat
     4 | D        | Became a worshipper of Makhleb the Destroyer
     5 | D        | Noticed a bag of meat
     6 | D        | Noticed a bag of meat
     6 | D        | Noticed a bag of meat
     6 | D        | Noticed a bag of meat
     6 | D        | Noticed a bag of meat
     6 | D        | Noticed a meat berserker
     8 | D        | Killed a bag of meat
     8 | D        | Killed a bag of meat
     8 | D        | Reached * piety under Makhleb
     8 | D        | Noticed a meat berserker
     8 | D        | Noticed a meat berserker
     8 | D        | Noticed a bag of meat
     9 | D        | Reached skill level 15 in Fighting
     9 | D        | Reached XP level 2. HP: 43/43 MP: 0/0
     9 | D        | Reached XP level 3. HP: 49/49 MP: 0/0
     9 | D        | Learned a level 1 spell: Foxfire
     9 | D        | Reached XP level 4. HP: 55/55 MP: 0/0
     9 | D        | Reached XP level 5. HP: 60/60 MP: 0/0
     9 | D        | Learned a level 2 spell: Static Discharge
     9 | D        | Reached XP level 6. HP: 67/67 MP: 0/0
     9 | D        | Reached XP level 7. HP: 72/72 MP: 0/0
     9 | D        | Learned a level 3 spell: Frozen Ramparts
     9 | D        | Reached XP level 8. HP: 78/78 MP: 0/0
     9 | D        | Reached XP level 9. HP: 84/84 MP: 0/0
     9 | D        | Learned a level 3 spell: Tukima's Dance
     9 | D        | Reached XP level 10. HP: 91/91 MP: 0/0
     9 | D        | Reached XP level 11. HP: 96/96 MP: 0/0
     9 | D        | Learned a level 5 spell: Summon Mana Viper
     9 | D        | Reached XP level 12. HP: 103/103 MP: 0/0
     9 | D        | Killed a bag of meat
     9 | D        | Killed a bag of meat
     9 | D        | Killed a bag of meat
     9 | D        | Reached ** piety under Makhleb
     9 | D        | Killed a meat berserker
     9 | D        | Killed a bag of meat
     9 | D        | Noticed a meat berserker
     9 | D        | Noticed a bag of meat
     9 | D        | Noticed a bag of meat
     9 | D        | Noticed a bag of meat
    10 | D        | Reached XP level 13. HP: 122/122 MP: 0/0
    10 | D        | Learned a level 5 spell: Irradiate
    10 | D        | Reached XP level 14. HP: 130/130 MP: 0/0
    10 | D        | Reached XP level 15. HP: 135/135 MP: 0/0
    10 | D        | Learned a level 6 spell: Conjure Ball Lightning
    10 | D        | Noticed a meat berserker
    10 | D        | Reached *** piety under Makhleb
    11 | D        | Noticed a meat berserker
    11 | D        | Killed a meat berserker
    11 | D        | Noticed a meat berserker
    12 | D        | Reached XP level 16. HP: 148/148 MP: 0/0
    14 | D        | Reached **** piety under Makhleb
    15 | D        | Reached XP level 17. HP: 159/159 MP: 0/0
    15 | D        | Learned a level 7 spell: Enfeeble
    16 | D        | Reached skill level 27 in Fighting
    16 | D        | Noticed a large bag of meat
    17 | D        | Noticed a meat berserker
    18 | D        | Reached ***** piety under Makhleb
    18 | D        | Killed a meat berserker
    19 | D        | Reached skill level 27 in Axes
    19 | D        | Reached skill level 27 in Spellcasting
    19 | D        | Reached skill level 27 in Conjurations
    19 | D        | Reached skill level 27 in Hexes
    19 | D        | Reached skill level 27 in Summonings
    19 | D        | Reached skill level 27 in Necromancy
    19 | D        | Reached skill level 27 in Translocations
    19 | D        | Reached skill level 27 in Fire Magic
    19 | D        | Reached skill level 27 in Ice Magic
    19 | D        | Reached skill level 27 in Air Magic
    19 | D        | Reached skill level 27 in Earth Magic
    19 | D        | Reached skill level 27 in Alchemy
    19 | D        | Reached XP level 18. HP: 167/167 MP: 0/0
    19 | D        | Noticed a large bag of meat
    19 | D        | Noticed a meat berserker
    20 | D        | Killed a meat berserker
    20 | D        | Killed a large bag of meat
    20 | D        | Reached ****** piety under Makhleb
    21 | D        | Reached XP level 19. HP: 156/174 MP: 0/0
    21 | D        | Learned a level 6 spell: Summon Cactus Giant
    22 | D        | Noticed a meat berserker
    23 | D        | Reached skill level 10 in Armour
    23 | D        | Killed a meat berserker
    24 | D        | Reached XP level 20. HP: 181/181 MP: 0/0
    24 | D        | Noticed a meat berserker
    24 | D        | Killed a meat berserker
    24 | D        | Killed a large bag of meat
    25 | D        | Reached skill level 27 in Dodging
    25 | D        | Reached skill level 27 in Unarmed Combat
    25 | D        | Reached XP level 21. HP: 174/187 MP: 0/0
    25 | D        | Learned a level 8 spell: Infestation
    25 | D        | Noticed a meat berserker
    25 | D        | Noticed a meat berserker
    26 | D        | Noticed a destroyer
    26 | D        | Killed a meat berserker
    27 | D        | Noticed a destroyer
    27 | D        | Noticed a large bag of meat
    27 | D        | Noticed a meat berserker
    27 | D        | Noticed a meat berserker
    28 | D        | Reached skill level 27 in Throwing
    28 | D        | Reached skill level 27 in Armour
    28 | D        | Reached XP level 22. HP: 194/194 MP: 0/0
    28 | D        | Noticed a meat berserker
    28 | D        | Killed a destroyer
    29 | D        | Killed a meat berserker
    29 | D        | Killed a destroyer
    29 | D        | Killed a meat berserker
    29 | D        | Noticed a meat berserker
    30 | D        | Reached skill level 10 in Short Blades
    30 | D        | Reached skill level 10 in Long Blades
    30 | D        | Reached skill level 10 in Maces & Flails
    30 | D        | Reached skill level 10 in Polearms
    30 | D        | Reached skill level 10 in Staves
    30 | D        | Reached skill level 10 in Ranged Weapons
    30 | D        | Reached skill level 10 in Stealth
    30 | D        | Reached skill level 10 in Shapeshifting
    30 | D        | Reached XP level 23. HP: 201/201 MP: 0/0
    30 | D        | Learned a level 7 spell: Summon Hydra
    31 | D        | Reached XP level 24. HP: 208/208 MP: 0/0
    32 | D        | Reached skill level 15 in Shields
    32 | D        | Reached skill level 15 in Invocations
    32 | D        | Reached skill level 15 in Evocations
    37 | D        | Reached skill level 15 in Short Blades
    37 | D        | Reached skill level 15 in Long Blades
    37 | D        | Reached skill level 15 in Staves
    37 | D        | Reached skill level 15 in Stealth
    37 | D        | Noticed a destroyer
    37 | D        | Noticed a destroyer
    37 | D        | Noticed a large bag of meat
    38 | D        | Noticed a large bag of meat
    39 | D        | Reached skill level 15 in Maces & Flails
    39 | D        | Reached skill level 15 in Polearms
    39 | D        | Reached skill level 15 in Ranged Weapons
    39 | D        | Reached skill level 15 in Shapeshifting
    39 | D        | Reached XP level 25. HP: 214/214 MP: 0/0
    39 | D        | Learned a level 9 spell: Chain Lightning
    39 | D        | Killed a destroyer
    41 | D        | Noticed a destroyer
    42 | D        | Noticed a large bag of meat
    43 | D        | Noticed a destroyer
    43 | D        | Killed a destroyer
    45 | D        | Killed a large bag of meat
    46 | D        | Reached XP level 26. HP: 165/221 MP: 0/0
    46 | D        | Killed a destroyer
    46 | D        | Killed a large bag of meat
    47 | D        | Noticed a destroyer
    48 | D        | Reached XP level 27. HP: 179/228 MP: 0/0
    48 | D        | Learned a level 9 spell: Polar Vortex
    48 | D        | Noticed a tyrant
    49 | D        | Killed a large bag of meat
    49 | D        | Killed a large bag of meat
    51 | D        | Killed a destroyer
    51 | D        | Killed a tyrant
    51 | D        | Noticed a tyrant
    52 | D        | Killed a tyrant
    52 | D        | Killed a destroyer
    54 | D        | Reached skill level 27 in Shields
    54 | D        | Reached skill level 27 in Invocations
    54 | D        | Reached skill level 27 in Evocations
    54 | D        | Noticed a destroyer
    55 | D        | Noticed a tyrant
    55 | D        | Noticed a tyrant
    56 | D        | Noticed an accursed
    56 | D        | Noticed a large bag of meat
    56 | D        | Killed a destroyer
    57 | D        | Reached skill level 27 in Short Blades
    57 | D        | Reached skill level 27 in Long Blades
    57 | D        | Reached skill level 27 in Staves
    57 | D        | Reached skill level 27 in Stealth
    57 | D        | Killed an accursed
    57 | D        | Noticed a tyrant
    58 | D        | Reached skill level 27 in Maces & Flails
    58 | D        | Reached skill level 27 in Polearms
    58 | D        | Reached skill level 27 in Ranged Weapons
    58 | D        | Reached skill level 27 in Shapeshifting
    58 | D        | Noticed a large bag of meat
    59 | D        | Noticed a tyrant
    60 | D        | Killed a tyrant
    60 | D        | Killed a large bag of meat
    60 | D        | Noticed a destroyer
    61 | D        | Killed a tyrant
    62 | D        | Killed a tyrant
    63 | D        | Noticed The Captor
    63 | D        | Killed a tyrant
    64 | D        | Noticed a destroyer
    64 | D        | Killed a destroyer
    64 | D        | Killed a large bag of meat
    65 | D        | Killed a destroyer
    66 | D        | Noticed a dread
    66 | D        | Noticed a meat beast
    66 | D        | Noticed a dread
    67 | D        | Noticed a meat beast
    67 | D        | Killed a dread
    67 | D        | Killed a meat beast
    69 | D        | Killed a dread
    69 | D        | Killed The Captor
    69 | D        | Noticed a meat beast
    69 | D        | Noticed a dread
    70 | D        | Noticed a meat beast
    70 | D        | Killed a meat beast
    70 | D        | Killed a meat beast
    70 | D        | Noticed a large bag of meat
    71 | D        | Killed a meat beast
    72 | D        | Killed a dread
    73 | D        | Killed a large bag of meat
    79 | D        | Noticed a meat beast
    79 | D        | Noticed a meat beast
    80 | D        | Killed a meat beast
    81 | D        | Killed a meat beast
    81 | D        | Noticed a meat beast
    83 | D        | Killed a meat beast
    83 | D        | Noticed a dread
    83 | D        | Noticed a meat beast
    83 | D        | Noticed a destroyer
    84 | D        | Killed a dread
    84 | D        | Killed a destroyer
    84 | D        | Killed a meat beast
    84 | D        | Noticed an accursed
    85 | D        | Killed an accursed
    85 | D        | Noticed a meat beast
    86 | D        | Killed a meat beast
    87 | D        | Noticed a meat beast
    88 | D        | Killed a meat beast
    88 | D        | Noticed a dread
    88 | D        | Noticed a meat beast
    89 | D        | Killed a meat beast
    89 | D        | Killed a dread
    90 | D        | Noticed a dread
    91 | D        | Killed a dread
    91 | D        | Noticed a dread
    92 | D        | Killed a dread
    92 | D        | Noticed a meat beast
    93 | D        | Killed a meat beast
    93 | D        | Noticed a meat beast
    93 | D        | Noticed a destroyer
    93 | D        | Noticed a destroyer
    93 | D        | Noticed a destroyer
    94 | D        | Killed a meat beast
    94 | D        | Killed a destroyer
    94 | D        | Noticed a meat beast
    94 | D        | Noticed a destroyer
    95 | D        | Killed a destroyer
    95 | D        | Killed a destroyer
    95 | D        | Noticed a meat beast
    96 | D        | Killed a meat beast
    96 | D        | Killed a destroyer
    97 | D        | Killed a meat beast
    97 | D        | Noticed a tyrant
    97 | D        | Noticed a tyrant
    98 | D        | Noticed an accursed
    98 | D        | Killed a tyrant
    98 | D        | Noticed a meat beast
    98 | D        | Noticed a meat beast
    99 | D        | Killed a meat beast
    99 | D        | Killed an accursed
    99 | D        | Noticed a destroyer
    99 | D        | Noticed a meat beast
    99 | D        | Noticed a tyrant
   100 | D        | Killed a tyrant
   101 | D        | Killed a meat beast
   101 | D        | Killed a destroyer
   101 | D        | Noticed a destroyer
   101 | D        | Noticed a tyrant
   102 | D        | Killed a tyrant
   102 | D        | Noticed an accursed
   103 | D        | Noticed a destroyer
   103 | D        | Killed a destroyer
   103 | D        | Killed a meat beast
   104 | D        | Noticed a large bag of meat
   104 | D        | Noticed a destroyer
   105 | D        | Killed a destroyer
   105 | D        | Noticed a tyrant
   106 | D        | Killed a destroyer
   107 | D        | Noticed a destroyer
   107 | D        | Noticed a tyrant
   108 | D        | Killed a tyrant
   108 | D        | Killed a large bag of meat
   110 | D        | Killed a tyrant
   114 | D        | Noticed a dread
   114 | D        | Killed a dread
   119 | D        | Noticed a fleshlord
   120 | D        | Killed a fleshlord
   121 | D        | Noticed a dread
   122 | D        | Killed a dread
   123 | D        | Killed a tyrant
   124 | D        | Noticed a fleshlord
   125 | D        | Killed a fleshlord
   128 | D        | Killed an accursed
   130 | D        | Noticed a dread
   131 | D        | Noticed a dread
   131 | D        | Noticed an accursed
   132 | D        | Killed a dread
   132 | D        | Killed an accursed
   132 | D        | Killed a dread
   132 | D        | Noticed a fleshlord
   132 | D        | Noticed a destroyer
   133 | D        | Noticed a fleshlord
   133 | D        | Killed a fleshlord
   133 | D        | Killed a fleshlord
   133 | D        | Killed a destroyer
   134 | D        | Noticed an accursed
   135 | D        | Killed a destroyer
   135 | D        | Noticed The Servant
   136 | D        | Killed The Servant
   136 | D        | Killed an accursed
   136 | D        | Noticed a dread
   136 | D        | Noticed an accursed
   136 | D        | Noticed a large bag of meat
   137 | D        | Killed an accursed
   137 | D        | Killed a dread
   137 | D        | Killed a large bag of meat
   137 | D        | Noticed a dread
   137 | D        | Noticed an accursed
   137 | D        | Noticed a fleshlord
   138 | D        | Killed a fleshlord
   138 | D        | Killed a dread
   138 | D        | Killed an accursed
   141 | D        | Noticed a dread
   141 | D        | Killed a dread
   141 | D        | Noticed a destroyer
   142 | D        | Killed a destroyer
   142 | D        | Noticed a fleshlord
   142 | D        | Noticed a large bag of meat
   143 | D        | Killed a fleshlord
   143 | D        | Noticed an accursed
   143 | D        | Noticed an accursed
   144 | D        | Killed a large bag of meat
   144 | D        | Killed an accursed
   144 | D        | Killed an accursed
   144 | D        | Noticed a dread
   144 | D        | Noticed a large bag of meat
   144 | D        | Noticed a large bag of meat
   145 | D        | Killed a large bag of meat
   145 | D        | Killed a dread
   145 | D        | Killed a large bag of meat
   145 | D        | Noticed an accursed
   145 | D        | Noticed a dread
   146 | D        | Killed a dread
   146 | D        | Killed an accursed
   147 | D        | Noticed a fleshlord
   148 | D        | Killed a fleshlord
   149 | D        | Noticed a tyrant
   149 | D        | Noticed a destroyer
   150 | D        | Killed a tyrant
   150 | D        | Killed a destroyer
   151 | D        | Noticed a dread
   152 | D        | Killed a dread
   152 | D        | Noticed a fleshlord
   152 | D        | Noticed a dread
   153 | D        | Noticed a destroyer
   153 | D        | Killed a destroyer
   153 | D        | Killed a dread
   153 | D        | Noticed a tyrant
   154 | D        | Killed a tyrant
   154 | D        | Killed a fleshlord
   154 | D        | Noticed a tyrant
   155 | D        | Killed a tyrant
   155 | D        | Noticed a large bag of meat
   156 | D        | Killed a large bag of meat
   158 | D        | Noticed a dread
   159 | D        | Noticed a large bag of meat
   159 | D        | Killed a large bag of meat
   159 | D        | Killed a dread
   159 | D        | Noticed a meat beast
   160 | D        | Killed a meat beast
   160 | D        | Noticed an accursed
   161 | D        | Killed an accursed
   162 | D        | Noticed a fleshlord
   162 | D        | Noticed an accursed
   162 | D        | Noticed a dread
   163 | D        | Killed a dread
   163 | D        | Killed an accursed
   163 | D        | Killed a fleshlord
   163 | D        | Noticed a tyrant
   164 | D        | Noticed a fleshlord
   164 | D        | Killed a fleshlord
   164 | D        | Killed a tyrant
   165 | D        | Noticed a fleshlord
   166 | D        | Killed a fleshlord
   166 | D        | Noticed a dread
   167 | D        | Killed a dread
   168 | D        | Noticed a destroyer
   168 | D        | Noticed a destroyer
   168 | D        | Noticed an accursed
   168 | D        | Noticed a dread
   168 | D        | Noticed a fleshlord
   169 | D        | Killed a dread
   169 | D        | Killed a fleshlord
   170 | D        | Killed an accursed
   170 | D        | Killed a destroyer
   170 | D        | Noticed a meat beast
   171 | D        | Killed a meat beast
   171 | D        | Killed a destroyer
   173 | D        | Noticed a fleshlord
   173 | D        | Noticed a dread
   173 | D        | Noticed a dread
   174 | D        | Killed a fleshlord
   174 | D        | Killed a dread
   174 | D        | Noticed a destroyer
   175 | D        | Killed a destroyer
   175 | D        | Killed a dread
   175 | D        | Noticed a dread
   176 | D        | Noticed a dread
   176 | D        | Killed a dread
   176 | D        | Killed a dread
   177 | D        | Noticed The Defiler
   178 | D        | Killed The Defiler
   179 | D        | Noticed a meat beast
   179 | D        | Noticed a dread
   179 | D        | Noticed a fleshlord
   182 | D        | Killed a fleshlord
   183 | D        | Noticed a fleshlord
   184 | D        | Killed a fleshlord
   184 | D        | Noticed a fleshlord
   185 | D        | Killed a dread
   185 | D        | Killed a fleshlord
   188 | D        | Noticed a large bag of meat
   190 | D        | Killed a large bag of meat
   193 | D        | Noticed a destroyer
   193 | D        | Noticed a fleshlord
   194 | D        | Killed a fleshlord
   195 | D        | Killed a destroyer
   196 | D        | Noticed a tyrant
   197 | D        | Noticed a dread
   197 | D        | Killed a dread
   197 | D        | Killed a tyrant
   199 | D        | Killed a meat beast
   200 | D        | Noticed a fleshlord
   201 | D        | Noticed a vile
   201 | D        | Killed a vile
   201 | D        | Killed a fleshlord
   201 | D        | Noticed a fleshlord
   201 | D        | Noticed a fleshlord
   202 | D        | Killed a fleshlord
   202 | D        | Killed a fleshlord
   204 | D        | Noticed a fleshlord
   205 | D        | Killed a fleshlord
   206 | D        | Noticed a vile
   206 | D        | Killed a vile
   206 | D        | Noticed a dread
   207 | D        | Killed a dread
   208 | D        | Noticed a fleshlord
   209 | D        | Killed a fleshlord
   209 | D        | Noticed a fleshlord
   210 | D        | Noticed a fleshlord
   210 | D        | Noticed a vile
   211 | D        | Killed a fleshlord
   211 | D        | Killed a fleshlord
   212 | D        | Killed a vile
   213 | D        | Noticed a vile
   213 | D        | Killed a vile
   213 | D        | Noticed a fleshlord
   214 | D        | Killed a fleshlord
   215 | D        | Noticed a vile
   215 | D        | Noticed a fleshlord
   215 | D        | Noticed a vile
   215 | D        | Noticed a fleshlord
   216 | D        | Killed a vile
   216 | D        | Noticed The Meatlord
   216 | D        | Noticed a destroyer
   217 | D        | Killed a fleshlord
   217 | D        | Killed a destroyer
   217 | D        | Killed a fleshlord
   218 | D        | Killed a vile
   218 | D        | Noticed a fleshlord
   218 | D        | Noticed a dread
   219 | D        | Killed a fleshlord
   219 | D        | Killed a dread
   219 | D        | Killed The Meatlord
   219 | D        | Noticed a vile
   220 | D        | Got the Orb of Zot
   220 | D        | Noticed an accursed
   221 | D        | Killed an accursed
   221 | D        | Noticed a vile
   221 | D        | Noticed a fleshlord
   222 | D        | Noticed a fleshlord
   222 | D        | Killed a vile
   223 | D        | Killed a vile
   223 | D        | Killed a fleshlord
   223 | D        | Noticed a vile
   224 | D        | Noticed a vile
   224 | D        | Noticed a vile
   225 | D        | Noticed a vile
   226 | D        | Noticed a dread
   226 | D        | Noticed a fleshlord
   226 | D        | Noticed a vile
   226 | D        | Killed a fleshlord
   226 | D        | Killed a vile
   226 | D        | Noticed a fleshlord
   227 | D        | Noticed a fleshlord
   227 | D        | HP: 7/228 [meat berserker/+9 battleaxe (79)]
   228 | D        | Noticed a vile
   228 | D        | Noticed a fleshlord
   228 | D        | Slain by a vile

Illustrated notes

Levels and vault maps discovered:
D:        meatsprint

Skill      XL: |  1  2  3  4  5  6  7  8  9 10 11 12 13 14 15 16 17 18 19 20 21 22 23 24 25 26 27 |
---------------+----------------------------------------------------------------------------------+-----
Fighting       | 15 22 24 26 27 | 27.0
Axes           | 17 22 24 25 27 | 27.0
Spellcasting   | 12 17 19 21 27 | 27.0
Conjurations   | 12 17 19 21 27 | 27.0
Hexes          | 12 17 19 21 27 | 27.0
Summonings     | 12 17 19 21 27 | 27.0
Necromancy     | 12 17 19 21 27 | 27.0
Translocations | 12 17 19 21 27 | 27.0
Fire Magic     | 12 17 19 21 27 | 27.0
Ice Magic      | 12 17 19 21 27 | 27.0
Air Magic      | 12 17 19 21 27 | 27.0
Earth Magic    | 12 17 19 21 27 | 27.0
Alchemy        | 12 17 19 21 27 | 27.0
Throwing       | 2 6 9 18 27 | 27.0
Armour         | 3 8 11 21 27 | 27.0
Dodging        | 8 19 25 27 | 27.0
Unarmed Combat | 8 19 25 27 | 27.0
Short Blades   | 10 13 16 19 21 27 | 27.0
Long Blades    | 10 13 16 19 21 27 | 27.0
Maces & Flails | 10 12 15 17 20 27 | 27.0
Polearms       | 10 12 15 17 20 27 | 27.0
Staves         | 10 13 16 19 21 27 | 27.0
Ranged Weapons | 10 12 15 17 20 27 | 27.0
Stealth        | 10 13 16 19 21 27 | 27.0
Shields        | 11 14 17 20 23 27 | 27.0
Invocations    | 11 14 17 20 23 27 | 27.0
Evocations     | 11 14 17 20 23 27 | 27.0
Shapeshifting  | 10 12 15 17 20 27 | 27.0

Action                     |  1- 3 |  4- 6 |  7- 9 | 10-12 | 13-15 | 16-18 | 19-21 | 22-24 | 25-27 || total
---------------------------+-------+-------+-------+-------+-------+-------+-------+-------+-------++-------
  Melee: Executioner's axe |       |       |       |       |     2 |     5 |     8 |     8 |   421 ||   444
   Cast: Vhi's Electric Ch |       |       |       |       |     2 |     3 |     4 |     6 |    17 ||    32
         Manifold Assault  |       |       |       |       |       |       |     1 |       |   129 ||   130
         Infestation       |       |       |       |       |       |       |     1 |     1 |     1 ||     3
    Use: Potion            |       |       |       |       |       |       |       |       |     1 ||     1
   Stab: Distracted        |       |       |       |       |       |       |       |       |     1 ||     1
 Armour: Leather armour    |       |       |       |       |       |     4 |     5 |     2 |    35 ||    46
  Dodge: Dodged            |       |       |       |       |       |       |     2 |     2 |     5 ||     9
